 Dungeon Crawl Stone Soup version 0.22-a0-417-g1387785 (webtiles) character file.

448 Mgcat the Skirmisher (level 6, -3/51 HPs)
             Began as a Demonspawn Fighter on May 14, 2018.
             Slain by an ogre
             ... wielding a +0 giant spiked club
              (20 damage)
             ... on level 3 of the Dungeon.
             The game lasted 00:06:41 (2792 turns).

Mgcat the Skirmisher (Demonspawn Fighter)           Turns: 2792, Time: 00:06:42

Health: -3/51      AC:  7    Str: 19    XL:     6   Next: 73%
Magic:  6/6        EV: 12    Int:  9    God:
Gold:   183        SH:  7    Dex: 12    Spells: 5/5 levels left

rFire    . . .     SeeInvis .     - Unarmed
rCold    + . .     Gourm    .   j - +2 buckler
rNeg     . . .     Faith    .   a - +1 scale mail
rPois    .         Spirit   .   (no helmet)
rElec    .         Reflect  .   (no cloak)
rCorr    .         Harm     .   (no gloves)
MR       .....                  (no boots)
Stlth    ..........             (no amulet)
HPRegen  0.17/turn              r - +3 ring of evasion
MPRegen  0.10/turn              (no ring)

@: no status effects
A: claws 2, cold resistance 1
a: no special abilities


You were on level 3 of the Dungeon.
You were very hungry.

You visited 1 branch of the dungeon, and saw 4 of its levels.

You collected 183 gold pieces.

Inventory:

Armour
 a - a +1 scale mail (worn)
 b - a +0 shield
 j - a +2 buckler (worn)
   (You found it on level 2 of the Dungeon)
Jewellery
 r - a +3 ring of evasion (left claw)
   (You found it on level 1 of the Dungeon)
Scrolls
 e - a scroll of remove curse
 i - a scroll of fog
 l - 2 scrolls of blinking {!r}
 m - a scroll of amnesia
Potions
 c - 2 potions of heal wounds {unknown}
 f - a potion of resistance {unknown}
 h - a potion of curing {unknown}
 k - a potion of haste {unknown}
 u - 3 potions of flight
Comestibles
 d - 6 rations


   Skills:
 + Level 5.3 Fighting
 - Level 2.6 Armour
 - Level 4.0 Shields
 + Level 4.3 Unarmed Combat


You had 5 spell levels left.
You didn't know any spells.
Your spell library was empty.

Dungeon Overview and Level Annotations

Branches:
Dungeon (4/15)
 Temple: D:4-7

Altars:

Shops:
D:4 (


Innate Abilities, Weirdness & Mutations

You have very sharp fingernails.
Your flesh is cold resistant. (rC+)


Message History

You hear the slow rusting of a distant drain.
m - a scroll of amnesia A giant cockroach comes into view.
You scratch the giant cockroach.
The giant cockroach is moderately wounded.
The giant cockroach bites you but does no damage.
You claw the giant cockroach!
You kill the giant cockroach!
No target in view!
No target in view!
You butcher the giant cockroach corpse.
g - 5 chunks of flesh {@w0} (gained 2)
Found a stone staircase leading up.
c - 2 puce potions (gained 1)
You now have 183 gold pieces (gained 11).
You open the door.
Found Wossahyr's Antique Weapon Shoppe.
No target in view!
There is an open door here.
There is an entrance to Wossahyr's Antique Weapon Shoppe here.
There is an open door here.
A gnoll comes into view. It is wielding a club.
The gnoll shouts!
You hear the slow rusting of a very distant drain.
You block the gnoll's attack.
An ogre comes into view. It is wielding a giant spiked club.
The ogre shouts!
You claw the gnoll!
The gnoll is severely wounded.
You block the gnoll's attack.
You barely miss the gnoll.
The gnoll is severely wounded.
The gnoll hits you with a club.
You claw the gnoll!
You kill the gnoll!
The ogre closely misses you.
You claw the ogre!
The ogre is moderately wounded.
You scratch the ogre but do no damage.
The ogre is moderately wounded.
The ogre hits you with a giant spiked club!!
You are too injured to fight recklessly!
You are too injured to fight recklessly!
You are too injured to fight recklessly!
You are too injured to fight recklessly!
Okay, then.
Unknown command.
You claw the ogre!
The ogre is severely wounded.
The ogre hits you with a giant spiked club!
* * * LOW HITPOINT WARNING * * *
A worker ant comes into view.
There is a stone staircase leading up here.
You block the worker ant's attack.
Some of the chunks of flesh in your inventory have rotted away.
You hear the rusting of a very distant drain.
There is a stone staircase leading up here.
The ogre completely misses you.
You climb upwards.
There is a stone staircase leading down here.
You are feeling hungry.
The ogre hits you with a giant spiked club!
The ogre barely misses you.
There is a stone staircase leading down here.
All of the chunks of flesh in your inventory have rotted away.
There is an escape hatch in the ceiling here.
A mysterious force pulls you upwards. The hatch slams shut behind you.
You start resting.
HP restored.
You start resting.
You are feeling very hungry.
You start resting.
HP restored.
There is a stone staircase leading down here.
You climb downwards.
There is a stone staircase leading up here.
Done exploring.
The ogre hits you with a giant spiked club!
You claw the ogre!
The ogre is moderately wounded.
You scratch the ogre but do no damage.
The ogre is moderately wounded.
The ogre hits you with a giant spiked club!!
You scratch the ogre but do no damage.
The ogre is moderately wounded.
The ogre barely misses you.
You claw the ogre!
The ogre is heavily wounded.
You barely miss the ogre.
The ogre is heavily wounded.
You block the ogre's attack.
You claw the ogre!
The ogre is severely wounded.
You block the ogre's attack.
You barely miss the ogre.
The ogre is severely wounded.
You barely miss the ogre.
The ogre is severely wounded.
The ogre hits you with a giant spiked club!!
You die...

#....# ### #....# ..# #....# ..#
#....# ..# #....# ###### ..#
#....# #####....#
..####..O<#####........######
...............O............#
..##....########@#.....####.#
..##....# #.#.....####.##
#.##....########...<...##....####
........................+........
..##....###............##....####
######### #.####.......##....## #
#.####...######.....### #
#.##....)[(...#####...# #
#.##.#........# #...#


You could see an ogre.

Vanquished Creatures
  Sigmund (D:2)
  2 orc wizards (D:3)
  Terence (D:3)
  6 adders
  4 gnolls
  An ooze (D:1)
  A worm (D:2)
  3 dart slugs
  A leopard gecko (D:1)
  9 orcs
  6 giant cockroaches
  7 goblins
  8 hobgoblins
  4 jackals (D:3)
  6 kobolds
  A quokka (D:2)
  2 ball pythons (D:2)
  12 bats
  6 frilled lizards
  12 rats
93 creatures vanquished.

Notes
Turn   | Place    | Note
-------+----------+-------------------------------------------
     0 | D:1      | Mgcat the Demonspawn Fighter began the quest for the Orb.
     0 | D:1      | Reached XP level 1. HP: 18/18 MP: 1/1
    90 | D:1      | Reached skill level 2 in Unarmed Combat
   161 | D:1      | Gained mutation: You have sharp fingernails. [demonic ancestry]
   161 | D:1      | Reached XP level 2. HP: 24/24 MP: 2/2
   665 | D:1      | Gained mutation: You have very sharp fingernails. [demonic ancestry]
   665 | D:1      | Reached XP level 3. HP: 29/29 MP: 3/3
   903 | D:2      | Reached skill level 3 in Shields
   969 | D:2      | Reached XP level 4. HP: 37/37 MP: 4/4
  1064 | D:2      | Noticed Sigmund
  1074 | D:2      | HP: 8/37 [Sigmund/scythe (13)]
  1084 | D:2      | Killed Sigmund
  1084 | D:2      | Reached skill level 4 in Fighting
  1084 | D:2      | Reached skill level 3 in Unarmed Combat
  1084 | D:2      | Gained mutation: Your flesh is cold resistant. (rC+) [demonic ancestry]
  1084 | D:2      | Reached XP level 5. HP: 10/43 MP: 5/5
  1445 | D:2      | Reached XP level 6. HP: 47/49 MP: 6/6
  1451 | D:2      | Reached skill level 4 in Shields
  1800 | D:3      | Noticed Terence
  1805 | D:3      | Killed Terence
  1811 | D:3      | Reached skill level 4 in Unarmed Combat
  1825 | D:3      | Reached skill level 5 in Fighting
  2396 | D:4      | Found Wossahyr's Antique Weapon Shoppe.
  2411 | D:4      | HP: 7/51 [ogre/giant spiked club (17)]
  2792 | D:3      | Slain by an ogre

Vault maps used:
D:1:      co_arrival_random_square_maze
D:2:      uniq_sigmund
D:3:      first_ration, uniq_terence
D:4:      portal_sewer_entry_b, serial_shops, kennysheep_mini, tgw_fedhas

Skill      XL: |  1  2  3  4  5  6 |
---------------+-------------------+-----
Unarmed Combat | 2 3 4 |  4.3
Shields        | 3 4 |  4.0
Fighting       | 4 5 |  5.3
Armour         | |  2.6

Action                   |  1- 3 |  4- 6 || total
-------------------------+-------+-------++-------
Melee: Unarmed           |    97 |   176 ||   273
  Use: Potion            |       |     1 ||     1
       Scroll            |       |     9 ||     9
  Eat: Chunk             |       |     5 ||     5
Armor: Scale mail        |    46 |    56 ||   102
Dodge: Dodged            |    34 |    80 ||   114
Block: Buckler           |    13 |    55 ||    68

Table legend:
 A = Spawn XP
 B = Non-spawn XP
 C = Spawn XP percentage of total XP
 D = Spawn monster count
 E = Non-spawn monster count
 F = Spawn count percentage of total count
 G = Total turns spent on level
                    A         B        C        D         E        F      G
               +---------+---------+-------+---------+---------+-------+---------
         Total |       0 |     641 |   0.0 |       0 |      93 |   0.0 |  2792
               +---------+---------+-------+---------+---------+-------+---------
           D:1 |       0 |      54 |   0.0 |       0 |      28 |   0.0 |   843
           D:2 |       0 |     368 |   0.0 |       0 |      33 |   0.0 |  1020
           D:3 |       0 |     199 |   0.0 |       0 |      28 |   0.0 |   766
           D:4 |       0 |      20 |   0.0 |       0 |       4 |   0.0 |   163
               +---------+---------+-------+---------+---------+-------+---------

Vault maps used:
D:1:      co_arrival_random_square_maze
D:2:      uniq_sigmund
D:3:      first_ration, uniq_terence
D:4:      portal_sewer_entry_b, serial_shops, kennysheep_mini, tgw_fedhas

Table legend:
 A = Turns spent in this place as a percentage of turns spent in the entire game.
 B = Non-inter-level travel turns spent in this place as a percentage of non-inter-level travel turns spent in the entire game.
 C = Inter-level travel turns spent in this place as a percentage of turns spent in this place.
 D = Turns resting spent in this place as a percentage of non-inter-level travel turns spent in this place.
 E = Turns spent auto-exploring this place as a percentage of non-inter-level travel turns spent in this place.
 F = Non-inter-level travel turns spent in this place divided by the number of levels of this place that you've seen.
                   A       B       C       D       E      F
               +-------+-------+-------+-------+-------+----------------------
         Total | 100.0 | 100.0 |   4.3 |   6.2 |  64.7 | 668.0
       Dungeon | 100.0 | 100.0 |   4.3 |   6.2 |  64.7 | 668.0
               +-------+-------+-------+-------+-------+----------------------

Table legend:
 A = Kills in this place as a percentage of kills in entire the game.
 B = Kills by you in this place as a percentage of kills by you in the entire game.
 C = Kills by friends in this place as a percentage of kills by friends in the entire game.
 D = Other kills in this place as a percentage of other kills in the entire game.
 E = Experience gained in this place as a percentage of experience gained in the entire game.
 F = Experience gained in this place divided by the number of levels of this place that you have seen.
                   A       B       C       D       E      F
               +-------+-------+-------+-------+-------+----------------------
         Total | 100.0 | 100.0 |   N/A |   N/A | 100.0 | 160.2
       Dungeon | 100.0 | 100.0 |   N/A |   N/A | 100.0 | 160.2
               +-------+-------+-------+-------+-------+----------------------
